 Dungeon Crawl Stone Soup version 0.32-a0-818-gb728d0252e (webtiles) character file.

Game seed: 1187646430053423198

119 Finalfun the Shooter (level 5, -1/38 HPs)
             Began as a Coglin Hunter on Mar 24, 2024.
             Incinerated by a bombardier beetle (3 damage)
             ... with a burning spray
             ... on level 3 of the Dungeon.
             The game lasted 00:02:47 (1794 turns).

Finalfun the Shooter (Coglin Hunter)                Turns: 1794, Time: 00:02:47

Health: -1/38      AC:  3    Str: 11    XL:     5   Next: 3%
Magic:  5/5        EV: 12    Int:  7    God:
Gold:   125        SH:  0    Dex: 22    Spells: 4/4 levels left

rFire   . . .        a - +2 sling {Hilda}
rCold   . . .        d - +0 sling {Santos}
rNeg    . . .        l - +1 robe "Mimaet" {rCorr Int-2 Dex+3}
rPois   .            (no helmet)
rElec   .            (no cloak)
rCorr   +            (no gloves)
SInv    .            (no boots)
Will    .....        (amulet unavailable)
Stlth   +            (ring unavailable)
HPRegen 0.26/turn    (ring unavailable)
MPRegen 0.09/turn    (no gizmo)

%: no passive effects
@: on fire, glowing, revving
A: off-hand wielding, slow wielding, warmup strikes, no jewellery
a: Invent Gizmo


You were on level 3 of the Dungeon.
You visited 1 branch of the dungeon, and saw 3 of its levels.

You collected 125 gold pieces.

Inventory:

Hand Weapons
 a - a +2 sling (weapon) {Hilda}
 d - a +0 sling (offhand) {Santos}
Missiles
 h - a throwing net
 n - 6 datura-tipped darts
Armour
 l - the +1 robe "Mimaet" (worn) {rCorr Int-2 Dex+3}
   (You found it on level 2 of the Dungeon)

   Int-2:     It affects your intelligence (-2).
   Dex+3:     It affects your dexterity (+3).
   rCorr:     It protects you from acid and corrosion.
Scrolls
 b - a scroll of butterflies
 c - a scroll of vulnerability {unknown}
 g - a scroll of acquirement {unknown}
 j - a scroll of identify {unknown}
 k - a scroll of teleportation {unknown}
Potions
 e - 2 potions of brilliance {unknown}
 f - a potion of enlightenment {unknown}
 i - 2 potions of might {unknown}
 m - 2 potions of cancellation {unknown}


   Skills:
 - Level 2.1 Fighting
 + Level 5.3 Ranged Weapons
 - Level 2.0 Dodging
 + Level 1.1 Stealth


You had 4 spell levels left.
You didn't know any spells.
Your spell library was empty.

Dungeon Overview and Level Annotations

Branches:
Dungeon (3/15)

Altars:
Elyvilon


Innate Abilities, Weirdness & Mutations

You can wield a second weapon in your off-hand.
It takes a long time for you to wield or remove held weapons.
Your first few attacks do less damage.
You cannot equip rings or amulets.


Message History

The bombardier beetle sprays incendiary fluid at you.
The burning spray hits you.
You are even more covered in liquid fire!
You shoot a sling bullet.
The sling bullet closely misses the bombardier beetle.
You shoot a sling bullet.
The sling bullet completely misses the bombardier beetle.
The liquid fire burns you!
You shoot a sling bullet.
The sling bullet closely misses the bombardier beetle.
You shoot a sling bullet.
The sling bullet barely misses the bombardier beetle.
The liquid fire burns you!
The bombardier beetle sprays incendiary fluid at you.
The burning spray hits you.
You are even more covered in liquid fire!
You are too injured to fight recklessly!
Fire: a) +2 sling {Hilda}
Press: ? - help, Q - select action, (/) - cycle Shift-Dir - straight line, f/p - bombardier beetle
Aim: a bombardier beetle (almost dead, 76% to hit)
You shoot a sling bullet.
The sling bullet hits the bombardier beetle.
The bombardier beetle is almost dead.
You shoot a sling bullet.
The sling bullet hits the bombardier beetle.
You kill the bombardier beetle!
The liquid fire burns you!
You have reached level 5!
You shake off some of the fire as you move.
The liquid fire burns you!
* * * LOW HITPOINT WARNING * * *
You shake off some of the fire as you move.
The liquid fire burns you!
* * * LOW HITPOINT WARNING * * *
You shake off some of the fire as you move.
The liquid fire burns you!
* * * LOW HITPOINT WARNING * * *
You shake off some of the fire as you move.
The liquid fire burns you!
You die...

#....†.# #........## ######.##
##.## #####.#### #..## ##...## #.
##.).## ##.....## ##+## #.....#
.......# ##...## ####...###
.....# ##.....## ##........#
...## ##.......##
##......##.#####...####.........#
.†..............@.....+.........'
##......##.####!...##.#........[#
#.....###.# #...## ##.......##
#.....# #.# #.### ##..<..##
##........# #.# ##...##
##.####### #.# ##+## .# #.. .#
#.#


There were no monsters in sight!

Vanquished Creatures
  A bombardier beetle (D:3)
  Jessica (D:3)
  An adder (D:3)
  A ribbon worm (D:2)
  5 endoplasms
  5 giant cockroaches
  6 goblins
  3 hobgoblins
  2 jackals (D:1)
  2 quokkas
  4 ball pythons
  5 bats
  3 frilled lizards
  5 kobolds
  7 rats
51 creatures vanquished.

Notes
Turn   | Place    | Note
-------+----------+-------------------------------------------
     0 | D:1      | Finalfun the Coglin Hunter began the quest for the Orb.
     0 | D:1      | Reached XP level 1. HP: 16/16 MP: 1/1
   140 | D:1      | Reached skill level 1 in Stealth
   165 | D:1      | Reached XP level 2. HP: 22/22 MP: 2/2
   420 | D:1      | Reached skill level 4 in Ranged Weapons
   873 | D:2      | Reached XP level 3. HP: 27/27 MP: 3/3
   873 | D:2      | Found a white marble altar of Elyvilon.
   952 | D:2      | Identified the +1 robe "Mimaet" {rCorr Int-2 Dex+3}
  1456 | D:3      | Noticed Jessica
  1461 | D:3      | Killed Jessica
  1462 | D:3      | Reached XP level 4. HP: 21/33 MP: 4/4
  1546 | D:3      | Reached skill level 5 in Ranged Weapons
  1757 | D:3      | Identified the +1 quarterstaff "Kiddom" {speed, Dex+4
                  | Stlth+}
  1791 | D:3      | Reached XP level 5. HP: 12/38 MP: 5/5
  1794 | D:3      | Incinerated by a bombardier beetle

Illustrated notes

Levels and vault maps discovered:
D:1:      dpeg_arrival_prison, layout_basic, minmay_heptomino_l4
D:2:      layout_basic, basic_altar, minmay_misc_feat_tower,
          grunt_ministairs_12, grunt_decor_mini_mirrors, minivault_27
D:3:      layout_loops_corners, uniq_jessica

Skill      XL: |  1  2  3  4 |
---------------+-------------+-----
Stealth        | 1 |  1.1
Dodging        | 2 |  2.0
Ranged Weapons | 4 5 |  5.3
Fighting       | |  2.1

Action                     |  1- 3 |  4- 6 || total
---------------------------+-------+-------++-------
   Fire: Sling             |   162 |    42 ||   204
 Armour: Leather armour    |     6 |       ||     6
  Dodge: Dodged            |    14 |     1 ||    15

Table legend: (Time is in decaauts)
 A = Elapsed time spent in this place.
 B = Non-inter-level travel time spent in this place.
 C = Inter-level travel time spent in this place.
 D = Time resting spent in this place.
 E = Time spent auto-exploring this place.
 F = Levels seen in this place.
 G = Mean time per level.
                   A        B        C        D        E       F      G
               +--------+--------+--------+--------+--------+-----+--------+
         Total |   1815 |   1748 |     67 |      0 |   1511 |   3 |  605.0 |
       Dungeon |   1815 |   1748 |     67 |      0 |   1511 |   3 |  605.0 |
               +--------+--------+--------+--------+--------+-----+--------+

Top non-repeatable levels by time:
     D:1: 882 daAuts
     D:2: 526 daAuts
     D:3: 406 daAuts
